 Dungeon Crawl Stone Soup version 0.24-a0-434-gd57e52fea8 (webtiles) character file.

Game seed: 4540889392213580916

38 vurker the Chopper (level 3, 28/28 HPs)
             Began as a Demonspawn Gladiator on June 15, 2019.
             Got out of the dungeon alive.
             The game lasted 00:01:14 (774 turns).

vurker the Chopper (Demonspawn Gladiator)            Turns: 774, Time: 00:01:14

Health: 28/28      AC:  8    Str: 15    XL:     3   Next: 25%
Magic:  3/3        EV:  7    Int:  9    God:
Gold:   45         SH:  0    Dex: 14    Spells: 2/2 levels left

rFire    . . .     SeeInvis .   a - +0 war axe
rCold    . . .     Gourm    .   (no shield)
rNeg     . . .     Faith    .   j - +0 chain mail
rPois    .         Spirit   .   (helmet restricted)
rElec    .         Reflect  .   (no cloak)
rCorr    .         Harm     .   (no gloves)
MR       .....                  (no boots)
Stlth    ..........             (no amulet)
HPRegen  0.09/turn              (no ring)
MPRegen  0.08/turn              (no ring)

@: no status effects
A: antennae 1, demonic guardian 1
a: no special abilities


You escaped.
You were not hungry.

You visited 1 branch of the dungeon, and saw 1 of its levels.

You collected 45 gold pieces.

Inventory:

Hand Weapons
 a - a +0 war axe (weapon)
Missiles
 d - 3 throwing nets (quivered) {!f}
Armour
 c - a +0 helmet
 j - a +0 chain mail (worn)
   (You found it on level 1 of the Dungeon)
Scrolls
 g - a scroll of identify {unknown}
 i - a scroll of fog {unknown}
Potions
 b - 2 potions of agility {unknown}
 h - 3 potions of lignification {unknown}
Comestibles
 e - 5 rations {!d}


   Skills:
 + Level 2.6 Fighting
 * Level 3.6 Axes
 - Level 1.7 Throwing
 - Level 2.6 Dodging


You had 2 spell levels left.
You didn't know any spells.
Your spell library was empty.

Dungeon Overview and Level Annotations

Branches:
Dungeon (1/15)

Altars:


Innate Abilities, Weirdness & Mutations

You have a pair of small antennae on your head.
A weak demonic guardian rushes to your aid.


Message History

The gnoll hits you with a +0 club.
You barely miss the gnoll. The gnoll hits you with a +0 club.
Your chain mail prevents you from hitting the gnoll.
The gnoll hits you but does no damage.
You hit the gnoll. The gnoll hits you but does no damage.
You barely miss the gnoll. The gnoll hits you but does no damage.
You slash the gnoll!
You kill the gnoll!
You have reached level 3!
Your experience leads to an increase in your attributes!
Increase (S)trength, (I)ntelligence, or (D)exterity?
You feel stronger.
Your demonic ancestry asserts itself...
You feel the presence of a demonic guardian.
You see here a +0 club.
Some of the chunks of flesh in your inventory have rotted away.
Some of the chunks of flesh in your inventory have rotted away.
Found 12 gold pieces.
Found 26 stones.
You now have 45 gold pieces (gained 12).
All of the chunks of flesh in your inventory have rotted away.
You sense a monster nearby.
You sense a monster nearby.
A bat and a kobold come into view.
The bat barely misses you. The bat hits you but does no damage.
There are monsters nearby!
You slash the bat!
You kill the bat!
You closely miss the kobold. The kobold hits you but does no damage.
The kobold hits you.
You closely miss the kobold. The kobold barely misses you.
You barely miss the kobold. The kobold misses you.
You hit the kobold.
You kill the kobold!
No target in view!
No target in view!
Done exploring.
Done exploring.
Done exploring.
Done exploring.
Done exploring.
No target in view!
No target in view!
You open the door.
There is an open door here.
There is a staircase leading out of the dungeon here.
Are you sure you want to leave the Dungeon?
This will make you lose the game!
Alright, then stay!
Unknown command.
Are you sure you want to leave the Dungeon?
This will make you lose the game!
You have escaped!

#.##....#รท###...............
#>....(.....).[.............
#.##.##(.(#'#.##..###.......
#....######.####.....##.#...
#...####..#.#..##..#.##.#...
###..##.#.#.#.#.#[.#.##.....
##.##..#...#..#....####.#.
#.####.....####.### #.#.
#.+.....@.....+.# #.#.
######.....####.# ##.#.
#..#...#..#..# #..#.
#.#.#.#.#.#.## #.#.#
##..#.#..##.# ##.#.
####.####..### #.#.#
#'##......# ##.#. #.##......#
#.#.# #.........# ###.#.


There were no monsters in sight!

Vanquished Creatures
  A gnoll (D:1)
  A leopard gecko (D:1)
  3 giant cockroaches (D:1)
  3 goblins (D:1)
  3 hobgoblins (D:1)
  4 kobolds (D:1)
  5 bats (D:1)
  5 rats (D:1)
25 creatures vanquished.

Notes
Turn   | Place    | Note
-------+----------+-------------------------------------------
     0 | D:1      | vurker the Demonspawn Gladiator began the quest for the
                  | Orb.
     0 | D:1      | Reached XP level 1. HP: 16/16 MP: 1/1
    47 | D:1      | Reached skill level 3 in Axes
   118 | D:1      | Gained mutation: You have a pair of small antennae on your
                  | head. [demonic ancestry]
   118 | D:1      | Reached XP level 2. HP: 22/22 MP: 2/2
   541 | D:1      | Gained mutation: A weak demonic guardian rushes to your
                  | aid. [demonic ancestry]
   541 | D:1      | Reached XP level 3. HP: 19/28 MP: 3/3
   774 | D:$      | Got out of the dungeon alive.

Levels and vault maps discovered:
D:1:      nzn_arrival_crosshair, layout_basic, minivault_23

Skill      XL: |  1 |
---------------+----+-----
Axes           | 3 |  3.6
Fighting       | |  2.6
Throwing       | |  1.7
Dodging        | |  2.6

Action                   || total
-------------------------++-------
Melee: War axe           ||    67
 Stab: Sleeping          ||     2
Armor: Leather armour    ||     7
       Chain mail        ||    35
Dodge: Dodged            ||    35

Table legend:
 A = Non-vault XP
 B = Vault XP
 C = Vault XP percentage of total XP
 D = Non-vault monster count
 E = Vault monster count
 F = Vault count percentage of total count
                 A         B        C        D         E       F
            +---------+---------+-------+---------+---------+-------
      Total |      55 |       0 |   0.0 |      25 |       0 |   0.0
            +---------+---------+-------+---------+---------+-------
        D:1 |      55 |       0 |   0.0 |      25 |       0 |   0.0
            +---------+---------+-------+---------+---------+-------
